 Dungeon Crawl Stone Soup version 0.22.1 (webtiles) character file.

73303 MalarOregon the Severer (level 15, 0/134 HPs)
             Began as a Hill Orc Fighter on Sept 17, 2018.
             Was a High Priest of Uskayaw.
             Slain by a tarantella (6 damage)
             ... on level 2 of the Spider Nest.
             The game lasted 00:41:37 (19690 turns).

MalarOregon the Severer (Hill Orc Fighter)         Turns: 19690, Time: 00:41:38

Health: 0/134      AC: 20    Str: 30    XL:     15   Next: 42%
Magic:  24/24      EV: 15    Int: 13    God:    Uskayaw [*****.]
Gold:   1614       SH: 14    Dex: 16    Spells: 5/14 levels left

rFire    . . .     SeeInvis .   q - +6 broad axe (freeze)
rCold    . . .     Gourm    +   Z - +0 shield of Focus {Str+5 Int-2 Stlth+}
rNeg     + . .     Faith    .   X - +2 ring mail of Listlessness {rN+ Int+3}
rPois    .         Spirit   .   Y - +1 helmet of Absence {*Slow MR+ rCorr Str+4}
rElec    .         Reflect  .   e - +0 cloak
rCorr    +         Harm     .   w - +2 pair of gloves
MR       ++...                  A - +2 pair of boots
Stlth    ++........             I - amulet of the gourmand
HPRegen  0.32/turn              o - +5 ring of dexterity
MPRegen  0.19/turn              z - ring of wizardry

@: very slightly contaminated
A: no striking features
a: Stomp, Line Pass, Grand Finale, Renounce Religion


You were on level 2 of the Spider Nest.
You worshipped Uskayaw.
Uskayaw was pleased with you.
You were completely stuffed.

You visited 5 branches of the dungeon, and saw 23 of its levels.
You also visited: Ossuary.

You collected 2342 gold pieces.
You spent 728 gold pieces at shops.

Inventory:

Hand Weapons
 q - a +6 broad axe of freezing (weapon)
 t - a +4 war axe of chopping
 K - a +2 hand axe of electrocution
Missiles
 T - a throwing net (quivered)
Armour
 e - a +0 cloak (worn)
 w - a +2 pair of gloves (worn)
 y - a +3 chain mail of magic resistance
 A - a +2 pair of boots (worn)
 X - the +2 ring mail of Listlessness (worn) {rN+ Int+3}
   (You bought it in a shop on level 2 of the Orcish Mines)

   It affects your intelligence (+3).
   It protects you from negative energy.
 Y - the +1 helmet of Absence (worn) {*Slow MR+ rCorr Str+4}
   (You bought it in a shop on level 2 of the Orcish Mines)

   It affects your strength (+4).
   It affects your resistance to hostile enchantments.
   It provides partial protection from all sources of acid and corrosion.
   It may slow you when you take damage.
 Z - the +0 shield of Focus (worn) {Str+5 Int-2 Stlth+}
   (You bought it in a shop on level 2 of the Orcish Mines)

   It affects your strength (+5).
   It affects your intelligence (-2).
   It makes you more stealthy.
Jewellery
 o - a +5 ring of dexterity (left hand)
 z - a ring of wizardry (right hand)
 F - an uncursed ring of flight
 I - an amulet of the gourmand (around neck)
 L - an uncursed ring of protection from cold
Wands
 j - a wand of random effects (40)
 p - a wand of enslavement (16)
 u - a wand of digging (20)
 E - a wand of polymorph (10)
 G - a wand of paralysis (9)
 M - a wand of acid (16)
 O - a wand of flame (44)
 P - a wand of clouds (8)
 S - a wand of iceblast (18)
Scrolls
 m - 4 scrolls of amnesia
 n - 8 scrolls of remove curse
 s - 15 scrolls of teleportation
 H - a scroll of noise
 J - a scroll of identify
 Q - a scroll of magic mapping
 R - 2 scrolls of fog
 U - 2 scrolls of fear
Potions
 a - 7 potions of lignification
 d - 2 potions of might
 g - 5 potions of berserk rage
 h - 2 potions of haste
 i - 3 potions of resistance
 k - 5 potions of brilliance
 l - 3 potions of agility
 r - 3 potions of curing
 v - 4 potions of mutation
 x - 2 potions of magic
 B - a potion of cancellation
 C - a potion of heal wounds
 D - 3 potions of flight
 V - a potion of invisibility
Miscellaneous
 b - a phial of floods
Comestibles
 f - 32 rations


   Skills:
 + Level 12.4 Fighting
 + Level 15.6 Axes
 + Level 11.6 Armour
 + Level 6.0 Dodging
 + Level 13.0 Shields
 + Level 4.3 Conjurations
 + Level 4.9 Fire Magic
 + Level 12.3 Invocations
 + Level 7.3 Evocations


You had 5 spell levels left.
You knew the following spells:

 Your Spells              Type           Power        Failure   Level  Hunger
a - Sticky Flame          Conj/Fire      ##......     30%         4    #####..
b - Fireball              Conj/Fire      ##........   61%         5    ######.

Your spell library contained the following spells:

 Spells                   Type           Power        Failure   Level  Hunger
 Flame Tongue             Conj/Fire      ##...        3%          1    ##.....
 Magic Dart               Conj           ##..         3%          1    ##.....
 Throw Flame              Conj/Fire      ##....       4%          2    ###....
 Conjure Flame            Conj/Fire      ##......     10%         3    ####...
 Animate Skeleton         Necr           N/A          21%         1    ##.....
 Apportation              Tloc           #.....       21%         1    ##.....
 Confusing Touch          Hex            #.....       21%         1    ##.....
 Summon Butterflies       Summ           #.......     21%         1    ##.....
 Summon Small Mammal      Summ           #...         21%         1    ##.....
 Inner Flame              Hex/Fire       #.......     22%         3    ####...
 Blink                    Tloc           N/A          30%         2    ###....
 Call Imp                 Summ           #.......     30%         2    ###....
 Slow                     Hex            #.......     30%         2    ###....
 Mephitic Cloud           Conj/Pois/Air  #.......     32%         3    ####...
 Call Canine Familiar     Summ           #.......     50%         3    ####...
 Recall                   Summ/Tloc      N/A          50%         3    ####...
 Summon Guardian Golem    Hex/Summ       #.......     50%         3    ####...
 Summon Ice Beast         Ice/Summ       #.......     87%         4    #####..
 Summon Lightning Spire   Summ/Air       #.......     87%         4    #####..
 Irradiate                Conj/Tmut      #.........   91%         5    ######.
 Aura of Abjuration       Summ           #.........   99%         5    ######.
 Summon Demon             Summ           #.........   99%         5    ######.
 Summon Forest            Summ/Tloc      #.........   99%         5    ######.
 Summon Mana Viper        Hex/Summ       #.......     99%         5    ######.
 Hydra Form               Tmut           #.........   100%        6    #######
 Shadow Creatures         Summ           N/A          100%        6    #######
 Statue Form              Tmut/Erth      #........    100%        6    #######
 Dragon Form              Tmut           #.........   100%        7    #######
 Summon Hydra             Summ           #.........   100%        7    #######


Dungeon Overview and Level Annotations

Branches:
Dungeon (12/15)            Temple (1/1) D:4            Lair (6/6) D:11
  Swamp (0/4) Lair:3       Spider (2/4) Lair:3        Slime (0/5) Lair:5
    Orc (2/2) D:11            Elf (0/3) Orc:2

Altars:
Ashenzari
Cheibriados
Dithmenos
Elyvilon
Fedhas
Gozag
Hepliaklqana
Kikubaaqudgha
Makhleb
Nemelex Xobeh
Okawaru
Qazlal
Ru
Sif Muna
Trog
Uskayaw
Vehumet
Wu Jian
Xom
Yredelemnul
Zin
The Shining One

Shops:
D:6 [   Orc:2 *[=(


Message History

Uskayaw links your audience in an emotional bond!
You hit the wolf spider but do no damage.
The wolf spider is moderately wounded.
You slash the tarantella! You freeze the tarantella.
You feel sick.
The wolf spider hits you but does no damage.
You block the wolf spider's attack.
The tarantella bites you but does no damage.
The wolf spider hits you but does no damage.
You block the wolf spider's attack.
You feel better. The tarantella completely misses you.
You block the wolf spider's attack.
The wolf spider bites you but does no damage.
You barely miss the wolf spider.
The wolf spider is heavily wounded.
You barely miss the tarantella. The tarantella bites you!
* * * LOW HITPOINT WARNING * * *
You block the wolf spider's attack. The wolf spider bites you.
* * * LOW HITPOINT WARNING * * *
The tarantella bites you.
You die...

.. ##.##...†..## ..#. #.#
##..†...## ..... ##.#
#.†.....#
..#..##..####.....###
##.#.............##
#....)............# . ##
#...............# #.
#..#...............# ...
#.....@..........#
....####>..ss.........#
.......#..............#
...^...#..............#
.........#......<.......
.......^.##.........#####
.................#.##
..........##...###.#
.........## ##.#


You could see a wolf spider and a tarantella.

Vanquished Creatures
  2 orc warlords (Orc:2)
  The ghost of CaptainBugsquash the Spear-Bearer, a journeyman OpFi of Cheibriados (Lair:6)
  Harold (D:9)
  4 hydras
  Fannar (D:10)
  A catoblepas (Lair:6)
  A two-headed ogre (D:8)
  9 death yaks
  A queen ant (Lair:3)
  An alligator (Lair:6)
  A deep troll shaman (Lair:6)
  Urug (Orc:1)
  4 orc high priests (Orc:2)
  Nergalle (D:10)
  2 fire crabs
  An unseen horror (D:12)
  The ghost of trianova the Shield-Bearer, a novice DDFi of Elyvilon (D:6)
  A lindwurm (Lair:6)
  An orc knight (Orc:2)
  An ugly thing (D:6)
  5 wolf spiders (Spider:1)
  5 orc sorcerers (Orc:2)
  3 orb spiders
  A manticore (Lair:6)
  5 black mambas
  6 elephants
  Maurice (D:9)
  An eye of devastation (Lair:5)
  A torpor snail (Spider:2)
  4 spiny frogs
  A rime drake (Lair:6)
  A demonic crawler (Spider:1)
  10 komodo dragons
  9 trolls
  4 jumping spiders
  7 polar bears
  A slime creature (Lair:1)
  9 hippogriffs
  27 blink frogs
  4 wyverns
  4 tarantellas
  A vampire (D:11)
  12 redbacks
  39 yaks
  Grum (Lair:1)
  A basilisk (Lair:2)
  2 hungry ghosts
  A steam dragon (D:7)
  Menkaure (D:5)
  2 wargs (Orc:2)
  2 swamp worms (Lair:3)
  5 soldier ants (Lair:3)
  5 porcupines
  14 water moccasins
  34 orc warriors
  2 phantoms
  2 black bears
  An eye of draining (Lair:5)
  A necrophage (D:9)
  3 sky beasts
  13 ogres
  7 wolves
  2 centaurs
  7 crocodiles
  4 big kobolds
  18 bullfrogs
  7 scorpions
  17 killer bees
  9 wights
  2 electric eels
  6 howler monkeys
  A bullfrog zombie (D:9)
  3 crimson imps
  2 centaur zombies (Ossuary)
  10 jellies
  5 hounds
  A quasit (D:7)
  2 centaur skeletons
  11 orc priests
  3 bullfrog skeletons
  Ijyb (D:3)
  4 iguanas
  28 orc wizards
  26 worker ants
  6 hell rats (Lair:6)
  2 big kobold zombies (Ossuary)
  5 hound zombies (Ossuary)
  4 hound skeletons
  3 mummies (Ossuary)
  9 gnolls
  A howler monkey skeleton (D:8)
  11 adders
  2 river rats (D:4)
  4 shadow imps
  14 oozes
  6 adder zombies
  An adder skeleton (D:7)
  4 worms
  2 dart slugs
  7 leopard geckos
  96 orcs
  5 ball pythons
  6 bats
  8 giant cockroaches
  A gnoll zombie (Ossuary)
  4 goblins
  7 hobgoblins
  18 jackals
  3 quokkas
  9 frilled lizards
  3 goblin zombies (Ossuary)
  33 kobolds
  4 kobold zombies (Ossuary)
  5 quokka zombies (Ossuary)
  7 rats
  6 rat zombies (Ossuary)
  8 fungi
  2 plants
769 creatures vanquished.

Vanquished Creatures (collateral kills)
  A water moccasin (Lair:6)
  A crocodile (Lair:6)
2 creatures vanquished.

Vanquished Creatures (others)
  A bush (Lair:6)
  13 fungi
  8 plants
22 creatures vanquished.

Grand Total: 793 creatures vanquished

Notes
Turn   | Place    | Note
-------+----------+-------------------------------------------
     0 | D:1      | MalarOregon the Hill Orc Fighter began the quest for the
                  | Orb.
     0 | D:1      | Reached XP level 1. HP: 19/19 MP: 1/1
   123 | D:1      | Reached skill level 3 in Axes
   147 | D:1      | Found a sparkling altar of Nemelex Xobeh.
   192 | D:1      | Reached XP level 2. HP: 24/27 MP: 2/2
   672 | D:1      | Reached XP level 3. HP: 33/33 MP: 3/3
  1086 | D:2      | Reached skill level 4 in Axes
  1099 | D:2      | Reached XP level 4. HP: 25/40 MP: 4/4
  1919 | D:3      | Found a shadowy altar of Dithmenos.
  2260 | D:3      | Noticed Ijyb
  2261 | D:3      | Reached XP level 5. HP: 42/47 MP: 5/5
  2274 | D:3      | Paralysed by Ijyb for 5 turns
  2280 | D:3      | Paralysed by Ijyb for 7 turns
  2292 | D:3      | Paralysed by Ijyb for 6 turns
  2301 | D:3      | Killed Ijyb
  2315 | D:3      | Reached skill level 5 in Axes
  2519 | D:3      | Found a faded altar of an unknown god.
  2756 | D:4      | Reached XP level 6. HP: 46/55 MP: 6/6
  2840 | D:4      | Reached skill level 5 in Fighting
  2885 | D:4      | Reached skill level 6 in Axes
  2892 | D:4      | Reached XP level 7. HP: 49/61 MP: 7/7
  2962 | D:4      | Found a staircase to the Ecumenical Temple.
  2995 | Temple   | Entered the Ecumenical Temple
  3068 | Temple   | Became a worshipper of Uskayaw the Reveler
  3127 | D:4      | Reached * piety under Uskayaw
  3133 | D:4      | Found a basalt altar of Yredelemnul.
  3277 | D:4      | Found an ornate altar of the Wu Jian Council.
  3676 | D:5      | Entered Level 5 of the Dungeon
  3710 | D:5      | Reached ** piety under Uskayaw
  3711 | D:5      | Reached *** piety under Uskayaw
  3712 | D:5      | Reached skill level 5 in Armour
  3712 | D:5      | Reached skill level 1 in Invocations
  3720 | D:5      | Reached skill level 7 in Axes
  3815 | D:5      | Reached skill level 5 in Shields
  3866 | D:5      | Noticed Menkaure
  3873 | D:5      | Killed Menkaure
  4378 | D:5      | Reached XP level 8. HP: 65/70 MP: 9/9
  4524 | D:6      | Reached skill level 8 in Axes
  4524 | D:6      | Reached **** piety under Uskayaw
  4531 | D:6      | Reached ***** piety under Uskayaw
  4543 | D:6      | Reached ****** piety under Uskayaw
  4640 | D:6      | Found a blossoming altar of Fedhas.
  4652 | D:6      | Found a shattered altar of Ashenzari.
  4700 | D:6      | Found Suwiocof's Armour Shop.
  4797 | D:6      | Reached skill level 9 in Axes
  4865 | D:6      | Reached XP level 9. HP: 67/78 MP: 12/12
  4941 | D:6      | Found a shadowy altar of Dithmenos.
  5079 | D:6      | Found a runed gate.
  5079 | D:6      | Found a runed gate.
  5079 | D:6      | Noticed a green ugly thing
  5080 | D:6      | Found a runed gate.
  5082 | D:6      | Noticed trianova's ghost (novice DDFi)
  5084 | D:6      | Found an opulent altar of Gozag.
  5121 | D:6      | Killed trianova's ghost
  5131 | D:6      | Killed a cyan ugly thing
  5131 | D:6      | Reached skill level 10 in Axes
  5131 | D:6      | Reached skill level 5 in Invocations
  5430 | D:7      | Found a sand-covered staircase.
  5438 | Ossuary  | Entered an ossuary
  5708 | D:7      | Reached XP level 10. HP: 88/88 MP: 14/14
  5735 | D:7      | Reached skill level 11 in Axes
  7130 | D:8      | Found a glowing golden altar of the Shining One.
  7130 | D:8      | Noticed a two-headed ogre
  7135 | D:8      | Killed a two-headed ogre
  7135 | D:8      | Reached skill level 12 in Axes
  7293 | D:9      | Noticed Harold
  7302 | D:9      | Noticed Maurice
  7306 | D:9      | Killed Harold
  7306 | D:9      | Reached XP level 11. HP: 85/97 MP: 9/16
  7321 | D:9      | Killed Maurice
  7424 | D:9      | Found a deep blue altar of Sif Muna.
  7547 | D:9      | Found a sacrificial altar of Ru.
  7553 | D:9      | Reached skill level 13 in Axes
  7804 | D:10     | Entered Level 10 of the Dungeon
  7922 | D:10     | Found a glowing golden altar of the Shining One.
  7961 | D:10     | You fall through a shaft for 2 floors!
  8141 | D:12     | Reached skill level 1 in Evocations
  8249 | D:12     | Killed an unseen horror
  8249 | D:12     | Reached skill level 1 in Dodging
  8442 | D:11     | Noticed a death yak
  8451 | D:11     | Noticed a death yak
  8454 | D:11     | Killed a death yak
  8456 | D:11     | Noticed a death yak
  8463 | D:11     | Killed a death yak
  8464 | D:11     | Reached XP level 12. HP: 47/106 MP: 9/18
  8468 | D:11     | HP: 3/106 [poisoned by a killer bee]
  8474 | D:11     | Found a staircase to the Lair.
  8843 | D:11     | Found a staircase to the Orcish Mines.
  8856 | D:11     | Killed a death yak
  8856 | D:11     | Reached skill level 10 in Fighting
  9079 | D:11     | Reached skill level 10 in Shields
  9529 | D:10     | Noticed Nergalle
  9538 | D:10     | Killed Nergalle
  9640 | D:10     | Noticed Fannar
  9940 | D:10     | Killed Fannar
 10224 | Lair:1   | Entered Level 1 of the Lair of Beasts
 10271 | Lair:1   | Noticed Grum
 10273 | Lair:1   | Noticed a seven-headed hydra
 10291 | Lair:1   | Reached skill level 14 in Axes
 10294 | Lair:1   | Killed an 11-headed hydra
 10297 | Lair:1   | Killed Grum
 10745 | Lair:1   | Noticed an eight-headed hydra
 10750 | Lair:1   | Killed a nine-headed hydra
 10750 | Lair:1   | Reached skill level 10 in Invocations
 11271 | Lair:2   | Reached skill level 10 in Armour
 11271 | Lair:2   | Reached XP level 13. HP: 92/114 MP: 20/20
 12601 | Lair:3   | Reached skill level 5 in Evocations
 12919 | Lair:3   | Found a hole to the Spider Nest.
 13146 | Lair:3   | Found a staircase to the Swamp.
 14141 | Lair:5   | Found a staircase to the Slime Pits.
 15084 | Lair:5   | Learned a level 4 spell: Sticky Flame
 15090 | Lair:5   | Learned a level 5 spell: Fireball
 15269 | Lair:6   | Entered Level 6 of the Lair of Beasts
 15308 | Lair:6   | Reached XP level 14. HP: 112/124 MP: 22/22
 15310 | Lair:6   | Reached skill level 1 in Fire Magic
 15319 | Lair:6   | Reached skill level 1 in Conjurations
 15720 | Lair:6   | Found a transporter.
 15745 | Lair:6   | Found a transporter.
 15781 | Lair:6   | Noticed CaptainBugsquash's ghost (journeyman OpFi)
 15864 | Lair:6   | Reached skill level 15 in Axes
 16183 | Lair:6   | Reached skill level 5 in Dodging
 16971 | Lair:6   | Killed CaptainBugsquash's ghost
 17128 | Orc:1    | Entered Level 1 of the Orcish Mines
 17490 | Orc:1    | Noticed Urug
 17502 | Orc:1    | Killed Urug
 17608 | Orc:2    | Entered Level 2 of the Orcish Mines
 17608 | Orc:2    | Found a staircase to the Elven Halls.
 17608 | Orc:2    | Found Dohonta's Jewellery Shoppe.
 17621 | Orc:2    | Noticed an orc warlord
 17633 | Orc:2    | Killed an orc warlord
 17640 | Orc:2    | HP: 6/126 [orc warrior/battleaxe (28)]
 17646 | Orc:2    | HP: 5/126 [orc warrior/glaive (3)]
 18137 | Orc:2    | Found Tavumyr's Antique Weapon Shoppe.
 18205 | Orc:2    | Reached XP level 15. HP: 132/132 MP: 24/24
 18226 | Orc:2    | Found Ustrar's General Store.
 18511 | Orc:2    | Found Ceisale's Antique Armour Shoppe.
 18519 | Orc:2    | Bought a fine ring mail for 234 gold pieces
 18519 | Orc:2    | Bought a spiked helmet for 247 gold pieces
 18519 | Orc:2    | Bought a pitted shield for 247 gold pieces
 18636 | Orc:2    | Noticed an orc warlord
 18649 | Orc:2    | Killed an orc warlord
 19019 | Lair:3   | Identified the +2 ring mail of Listlessness {rN+ Int+3}
                  | (You bought it in a shop on level 2 of the Orcish Mines)
 19049 | Lair:3   | Identified the cursed +0 shield of Focus {Str+5 Int-2
                  | Stlth+} (You bought it in a shop on level 2 of the Orcish
                  | Mines)
 19060 | Lair:3   | Identified the +1 helmet of Absence {*Slow MR+ rCorr Str+4}
                  | (You bought it in a shop on level 2 of the Orcish Mines)
 19079 | Spider:1 | Entered Level 1 of the Spider Nest
 19690 | Spider:2 | HP: 6/134 [wolf spider (1)]
 19690 | Spider:2 | Slain by a tarantella

Skill      XL: |  1  2  3  4  5  6  7  8  9 10 11 12 13 14 15 |
---------------+----------------------------------------------+-----
Axes           | 3 4 5 6 7 9 10 12 13 14 15 | 15.6
Fighting       | 4 5 6 7 9 10 11 12 | 12.4
Shields        | 4 5 6 7 8 9 11 12 13 | 13.0
Armour         | 4 5 6 7 8 9 10 11 | 11.6
Invocations    | 2 4 6 7 9 10 11 12 | 12.3
Evocations     | 2 4 5 6 7 |  7.3
Dodging        | 1 3 4 5 6 |  6.0
Fire Magic     | 4 |  4.9
Conjurations   | 3 4 |  4.3

Action                   |  1- 3 |  4- 6 |  7- 9 | 10-12 | 13-15 || total
-------------------------+-------+-------+-------+-------+-------++-------
Melee: War axe           |   125 |   216 |   346 |   503 |       ||  1190
       Broad axe         |       |       |       |    73 |   725 ||   798
Throw: Throwing net      |       |       |       |       |     1 ||     1
Invok: Line Pass         |       |       |     1 |     2 |     2 ||     5
       Stomp             |       |       |     4 |    15 |     4 ||    23
       Grand Finale      |       |       |       |     2 |     4 ||     6
Evoke: Wand              |       |       |       |     1 |    13 ||    14
  Use: Scroll            |       |       |    20 |     6 |    12 ||    38
       Potion            |       |       |     1 |     4 |     5 ||    10
 Stab: Paralysed         |       |       |    15 |    55 |   124 ||   194
       Petrified         |       |       |       |       |    23 ||    23
       Petrifying        |       |       |       |       |     2 ||     2
       Held in net/web   |       |       |       |       |     1 ||     1
  Eat: Chunk             |     1 |     6 |    11 |    22 |    38 ||    78
       Ration            |       |       |       |     2 |       ||     2
Armor: Scale mail        |    61 |   110 |   164 |    11 |       ||   346
       Chain mail        |       |       |       |   291 |   240 ||   531
       Ring mail         |       |       |       |       |    32 ||    32
Dodge: Dodged            |    44 |    60 |    76 |   128 |   224 ||   532
Block: Shield            |    77 |   102 |   171 |   326 |   397 ||  1073
